 Dungeon Crawl Stone Soup version 0.31-a0-149-g3fdcc5976a (webtiles) character file.

Game seed: 1783728570568224242

1515 qw the Skirmisher (level 8, -6/73 HPs)
             Began as a Minotaur Hunter on June 7, 2023.
             Mangled by a sun demon (21 damage)
             ... summoned by a kobold demonologist
             ... on level 6 of the Dungeon.
             The game lasted 00:01:47 (3712 turns).

qw the Skirmisher (Minotaur Hunter)                 Turns: 3712, Time: 00:01:48

Health: -6/73      AC:  9    Str: 17    XL:     8   Next: 53%
Magic:  7/7        EV: 12    Int:  6    God:
Gold:   190        SH:  0    Dex: 15    Spells: 7/7 levels left

rFire   + . .        n - +0 orcbow
rCold   . . .        (shield currently unavailable)
rNeg    . . .        p - +0 ring mail
rPois   .            l - +2 hat
rElec   .            d - +1 cloak
rCorr   .            (no gloves)
SInv    .            (no boots)
Will    .....        h - amulet of regeneration
Stlth   +            q - ring of protection from fire
HPRegen 1.12/turn    (no ring)
MPRegen 0.10/turn

%: no passive effects
@: about to teleport
A: horns 2, retaliatory headbutt
a: no special abilities


You were on level 6 of the Dungeon.
You visited 2 branches of the dungeon, and saw 7 of its levels.

You collected 265 gold pieces.
You spent 75 gold pieces at shops.


Innate Abilities, Weirdness & Mutations

You have a pair of horns on your head.
You reflexively headbutt those who attack you in melee.


   Skills:
 - Level 7.0 Fighting
 + Level 10.4 Ranged Weapons
 - Level 2.0 Armour
 - Level 3.3 Dodging
 - Level 0.7 Stealth


You had 7 spell levels left.
You didn't know any spells.
Your spell library was empty.

Inventory:

Hand Weapons
 b - a +0 sling of flaming
 n - a +0 orcbow (weapon)
Armour
 d - a +1 cloak (worn)
 l - a +2 hat (worn)
 p - a +0 ring mail (worn)
 r - a +0 pair of gloves
Jewellery
 g - a ring of fire
 h - an amulet of regeneration (around neck)
 q - a ring of protection from fire (left hand)
Wands
 j - a wand of digging (5)
Scrolls
 a - 2 scrolls of identify
 m - 2 scrolls of teleportation
Potions
 c - a potion of haste {unknown}
 e - a potion of brilliance {unknown}
 f - 2 potions of might
 i - 2 potions of berserk rage {unknown}
 k - 2 potions of cancellation
 o - a potion of heal wounds {unknown}
 s - a potion of curing
 t - a potion of magic {unknown}

Dungeon Overview and Level Annotations

Branches:
Dungeon (6/15)             Temple (1/1) D:4

Altars:
Ashenzari
Cheibriados
Elyvilon
Gozag
Hepliaklqana
Makhleb
Nemelex Xobeh
Qazlal
Ru
Sif Muna
Trog
Uskayaw
Vehumet
Wu Jian
Xom
Yredelemnul
Zin
The Shining One

Shops:
D:3 ?


Message History

The quasit gives a chilling moan.
The arrow hits the kobold demonologist!
The kobold demonologist is moderately wounded.
You shoot an arrow.
The arrow barely misses the kobold demonologist.
The arrow barely misses the sixfirhy.
The arrow hits the quasit!
The quasit is severely wounded.
The kobold demonologist mumbles some strange words.
You shoot an arrow.
The arrow barely misses the kobold demonologist.
The arrow misses the sixfirhy.
The arrow closely misses the quasit.
The kobold demonologist closely misses you.
You shoot an arrow.
The arrow closely misses the kobold demonologist.
The arrow misses the quasit.
The arrow closely misses the orc priest.
The sixfirhy misses you. The sixfirhy hits you. The sixfirhy shocks you!
The sixfirhy barely misses you. The sixfirhy misses you.
The sun demon hits you but does no damage.
The kobold demonologist gestures wildly while chanting.
You shoot an arrow.
The arrow closely misses the kobold demonologist.
The arrow hits the quasit but does no damage.
The quasit is severely wounded.
The sixfirhy hits you! The sixfirhy shocks you! The sun demon misses you.
The kobold demonologist closely misses you.
You shoot an arrow. The kobold shouts!
The arrow hits the kobold demonologist!
The kobold demonologist is severely wounded.
The sun demon hits you!!
You are engulfed in flames.
You resist.
The kobold demonologist hits you but does no damage.
The sun demon closely misses you.
3712 ||| READING 3 scrolls of teleportation.
As you read the scroll of teleportation, it crumbles to dust.
You feel strangely unstable.
The sixfirhy disappears in a puff of smoke!
The kobold demonologist gestures wildly while chanting.
The sun demon hits you!!
You die...

...#.........#...............####
...###.#####.#.######.....#### #
...#.....#<#.#)##....####....####
...#.#.#.#.#.#.#......##...%..##.
...#.#.....#.#.....#.......#.....
##.#.....###.....####....####....
)).#..........%..####....####....
)..<....####.....3#.......#......
........# #...#@35...##......##.
........# #...#K5...####....####
####....# #.###o#..#.##.##### #
##...# #.# #K#..##..## ##.## #.#
#)#####..# #.# #.# #)...##### #
#.#####.# ##)..# #.....#.# .##..
#.....#.# .# .#


You could see a sun demon (summoned), a kobold demonologist, a ynoxinul
(summoned), an orc priest, a quasit (summoned), a white imp (summoned) and a
kobold.

Vanquished Creatures
  Prince Ribbit (D:4)
  An orc warrior (D:6)
  2 ice beasts
  A black bear (D:4)
  A centaur (D:5)
  A scorpion (D:5)
  A howler monkey (D:6)
  A jelly (D:6)
  3 orc priests (D:6)
  3 hounds (D:4)
  7 iguanas
  A sleepcap (D:4)
  3 orc wizards
  Natasha (twice) (D:2)
  10 gnolls
  5 adders
  3 worms
  2 dart slugs
  20 orcs
  5 ball pythons
  3 bats
  7 endoplasms
  8 giant cockroaches
  2 goblins
  2 hobgoblins
  3 jackals (D:5)
  4 quokkas
  A frilled lizard (D:1)
  8 kobolds
  4 rats (D:1)
115 creatures vanquished.

Notes
Turn   | Place    | Note
-------+----------+-------------------------------------------
     0 | D:1      | qw the Minotaur Hunter began the quest for the Orb.
     0 | D:1      | Reached XP level 1. HP: 18/18 MP: 0/0
     0 | D:1      | 0 ||| qw: Version: 0.2-a-117-gc6b5c8b
     0 | D:1      | 0 ||| qw: Game counter: 2641
     0 | D:1      | 0 ||| qw: Always use a shield: true
     0 | D:1      | 0 ||| qw: God list: Okawaru
     0 | D:1      | 0 ||| qw: Allow faded altars: false
     0 | D:1      | 0 ||| qw: Do Orc after D:15 true
     0 | D:1      | 0 ||| qw: Do second Lair branch before Depths: true
     0 | D:1      | 0 ||| qw: Lair rune preference: random
     0 | D:1      | 0 ||| qw: Plans: Normal
     0 | D:1      | 0 ||| PLANNING D:1-11
   197 | D:1      | Reached XP level 2. HP: 25/25 MP: 1/1
   245 | D:1      | Reached skill level 5 in Ranged Weapons
   601 | D:1      | 601 ||| UPGRADING to amulet of regeneration.
   606 | D:1      | 606 ||| READING 2 scrolls labelled NYOLUS IRIUMM.
   607 | D:1      | 607 ||| READING scroll labelled ENLEF LUWKUKHLO.
   610 | D:1      | 610 ||| DRINKING 2 lumpy ruby potions.
   611 | D:1      | 611 ||| DRINKING 2 grey potions.
   612 | D:1      | 612 ||| DRINKING 3 golden potions.
   613 | D:1      | 613 ||| DROPPING scroll of butterflies.
   614 | D:1      | 614 ||| DROPPING potion of degeneration.
   637 | D:2      | Reached skill level 3 in Fighting
   679 | D:2      | Reached XP level 3. HP: 31/31 MP: 2/2
   865 | D:2      | Noticed Natasha
   876 | D:2      | Killed Natasha
   981 | D:2      | Noticed Natasha
   991 | D:2      | Killed Natasha
   992 | D:2      | Reached skill level 6 in Ranged Weapons
   992 | D:2      | Reached XP level 4. HP: 21/38 MP: 3/3
  1167 | D:2      | 1167 ||| UPGRADING to +0 cloak.
  1172 | D:2      | 1172 ||| UPGRADING to +2 hat.
  1177 | D:2      | 1177 ||| READING scroll labelled BOERPH DEOR.
  1270 | D:3      | Found Kaptinapt's Magic Scroll Shop.
  1279 | D:3      | 1279 ||| BUYING scroll of enchant armour (75 gold).
  1279 | D:3      | Bought a scroll of enchant armour for 75 gold pieces
  1279 | D:3      | 1279 ||| SHOPLISTING scroll of identify (20 gold, have 17).
  1279 | D:3      | 1279 ||| SHOPLISTING scroll of teleportation (30 gold, have
                  | 17).
  1279 | D:3      | 1279 ||| READING scroll of enchant armour.
  1279 | D:3      | 1279 ||| ENCHANTING +0 cloak.
  1332 | D:3      | Found a faded altar of an unknown god.
  1394 | D:3      | Found a hide-covered altar of Uskayaw.
  1515 | D:3      | 1515 ||| DROPPING scarf of harm.
  1516 | D:3      | 1516 ||| UPGRADING to +0 ring mail.
  1526 | D:3      | 1526 ||| DROPPING +0 leather armour.
  1527 | D:3      | 1527 ||| DROPPING ring of magical power.
  1528 | D:3      | 1528 ||| UPGRADING to ring of protection from fire.
  1529 | D:3      | 1529 ||| DRINKING 2 silvery potions.
  1530 | D:3      | 1530 ||| READING 2 scrolls of identify.
  1530 | D:3      | 1530 ||| IDENTIFYING dark potion
  1531 | D:3      | 1531 ||| DROPPING potion of attraction.
  1566 | D:4      | Reached XP level 5. HP: 46/46 MP: 4/4
  1569 | D:4      | Found a staircase to the Ecumenical Temple.
  1570 | D:4      | 1570 ||| PLANNING TEMPLE
  1579 | D:4      | 1579 ||| DROPPING +6 ring of intelligence.
  1588 | Temple   | Entered the Ecumenical Temple
  1592 | Temple   | 1592 ||| PLANNING D:1-11
  1718 | D:4      | Noticed a black bear
  1727 | D:4      | Killed a black bear
  1728 | D:4      | Reached skill level 7 in Ranged Weapons
  1728 | D:4      | Reached XP level 6. HP: 44/52 MP: 5/5
  1796 | D:4      | 1796 ||| Stepping ~*~*~tactically~*~*~ (outnumbered).
  1798 | D:4      | 1798 ||| Stepping ~*~*~tactically~*~*~ (outnumbered).
  2065 | D:5      | Entered Level 5 of the Dungeon
  2087 | D:5      | Noticed Prince Ribbit
  2096 | D:5      | 2096 ||| FLEEEEING.
  2097 | D:5      | 2097 ||| STAIRDANCE
  2123 | D:5      | 2123 ||| STAIRDANCE
  2135 | D:5      | 2135 ||| STAIRDANCE
  2135 | D:5      | HP: 11/52 [Prince Ribbit (13)]
  2175 | D:5      | 2175 ||| STAIRDANCE
  2179 | D:4      | Killed Prince Ribbit
  2180 | D:4      | Reached skill level 8 in Ranged Weapons
  2180 | D:4      | Reached XP level 7. HP: 50/59 MP: 6/6
  2594 | D:5      | Reached skill level 9 in Ranged Weapons
  2624 | D:5      | 2624 ||| SWAPPING to +0 orcbow.
  2629 | D:5      | Reached skill level 3 in Dodging
  2629 | D:5      | 2629 ||| DROPPING +0 shortbow of electrocution.
  3185 | D:6      | 3185 ||| DRINKING potion of curing.
  3185 | D:6      | 3185 ||| (to cure confusion)
  3193 | D:6      | Reached skill level 6 in Fighting
  3208 | D:6      | Reached XP level 8. HP: 70/70 MP: 7/7
  3566 | D:6      | Reached skill level 10 in Ranged Weapons
  3591 | D:6      | HP: 18/73 [poisoned by a kobold brigand (curare-tipped
                  | dart)]
  3592 | D:6      | 3592 ||| READING 4 scrolls of teleportation.
  3696 | D:6      | Noticed a kobold demonologist
  3698 | D:6      | Noticed a sixfirhy
  3699 | D:6      | 3699 ||| FLEEEEING.
  3708 | D:6      | Noticed a sun demon
  3711 | D:6      | HP: 14/73 [sun demon[a kobold demonologist] (6)]
  3712 | D:6      | 3712 ||| READING 3 scrolls of teleportation.
  3712 | D:6      | Mangled by a sun demon

Levels and vault maps discovered:
D:1:      psy_arrival_radial01, layout_rooms, minmay_stone_trees_medium
D:2:      layout_rooms, uniq_natasha
D:3:      layout_rooms, mainiacjoe_overflow_paths, serial_shops, shop,
          ebering_ecumenical_altar_sacrificial
D:4:      layout_gridville, minmay_temple_entry_grid
D:5:      layout_layer_cave, uniq_prince_ribbit1
D:6:      wad_guarded_room, layout_basic, kennysheep_flooded_box
Temple:   sentei_temple_godly_chess

Skill      XL: |  1  2  3  4  5  6  7  8 |
---------------+-------------------------+-----
Ranged Weapons | 5 6 7 8 9 10 | 10.4
Fighting       | 3 4 6 7 |  7.0
Armour         | 2 |  2.0
Dodging        | 3 |  3.3
Stealth        | |  0.7

Action                     |  1- 3 |  4- 6 |  7- 9 || total
---------------------------+-------+-------+-------++-------
   Fire: Shortbow          |   112 |   126 |    42 ||   280
         Orcbow            |       |       |   134 ||   134
    Use: Potion            |     3 |     1 |     1 ||     5
         Scroll            |     2 |     3 |     2 ||     7
 Armour: Leather armour    |     7 |     1 |       ||     8
         Ring mail         |       |    17 |    35 ||    52
  Dodge: Dodged            |    33 |    28 |    45 ||   106

Table legend:
 A = Non-vault XP
 B = Vault XP
 C = Vault XP percentage of total XP
 D = Non-vault monster count
 E = Vault monster count
 F = Vault count percentage of total count
                 A         B        C        D         E       F
            +---------+---------+-------+---------+---------+-------
      Total |    1386 |     779 |  36.0 |     105 |      10 |   8.7
            +---------+---------+-------+---------+---------+-------
        D:1 |      26 |       0 |   0.0 |      16 |       0 |   0.0
        D:2 |     116 |      33 |  22.1 |      15 |       1 |   6.2
        D:3 |      13 |       0 |   0.0 |       7 |       0 |   0.0
        D:4 |     410 |     251 |  38.0 |      25 |       1 |   3.8
        D:5 |     495 |       0 |   0.0 |      19 |       0 |   0.0
        D:6 |     326 |     495 |  60.3 |      23 |       8 |  25.8
            +---------+---------+-------+---------+---------+-------
